 Dungeon Crawl Stone Soup version 0.29-a0-506-ga2e7fffb44 (webtiles) character file.

Game seed: 3539161877518906968

413 benadryl the Ruffian (level 6, -1/59 HPs)
             Began as a Troll Transmuter on May 28, 2022.
             Killed from afar by a white imp (9 damage)
             ... with a puff of frost
             ... on level 5 of the Dungeon.
             The game lasted 00:06:28 (3558 turns).

benadryl the Ruffian (Troll Transmuter)             Turns: 3558, Time: 00:06:28

Health: -1/59      AC:  4    Str: 19    XL:     6   Next: 59%
Magic:  6/6        EV:  6    Int: 11    God:
Gold:   226        SH:  9    Dex: 10    Spells: 6/7 levels left

rFire   . . .      SeeInvis +     - Unarmed
rCold   . . .      Faith    .   s - +0 tower shield
rNeg    . . .      Spirit   .   a - +0 robe
rPois   .          Reflect  .   (helmet restricted)
rElec   .          Harm     .   (no cloak)
rCorr   .          Rampage  .   (gloves unavailable)
Will    .....                   (boots unavailable)
Stlth   +.........              (no amulet)
HPRegen 0.99/turn               i - ring of see invisible
MPRegen 0.10/turn               (no ring)

@: lethally poisoned (-1 -> -7)
A: large, unfitting armour, claws 3, regeneration 1, shaggy fur 1, tough skin 1
a: no special abilities


You were on level 5 of the Dungeon.
You visited 1 branch of the dungeon, and saw 5 of its levels.

You collected 226 gold pieces.

Inventory:

Armour
 a - a +0 robe (worn)
 s - a +0 tower shield (worn)
Jewellery
 i - a ring of see invisible (left claw)
 l - an amulet of regeneration
 q - a +6 ring of strength
 r - a +4 ring of evasion
Wands
 p - a wand of polymorph (7)
Scrolls
 f - a scroll of fog
 j - a scroll of torment
 n - a scroll of enchant armour {unknown}
 o - a scroll of enchant weapon
Potions
 b - 2 potions of lignification
 e - 2 potions of heal wounds
 g - a potion of berserk rage
 m - a potion of might


   Skills:
 + Level 2.8 Fighting
 - Level 1.5 Dodging
 + Level 0.0 Shields
 * Level 5.7 Unarmed Combat
 - Level 1.2 Spellcasting
 - Level 2.8 Transmutations


You had 6 spell levels left.
You knew the following spells:

 Your Spells              Type           Power      Damage    Failure   Level
a - Beastly Appendage     Tmut           12%        N/A       67%         1

Your spell library contained the following spells:

 Spells                   Type           Power      Damage    Failure   Level
 Wereblood                Tmut           6%         N/A       80%         2
 Passwall                 Tmut/Erth      2%         N/A       94%         2
 Magic Dart               Conj           0%         1d3       96%         1
 Call Imp                 Summ           0%         N/A       99%         2
 Ensorcelled Hibernation  Hex/Ice        0%         N/A       99%         2
 Spider Form              Tmut/Pois      3%         N/A       99%         3
 Mephitic Cloud           Conj/Pois/Air  0%         N/A       100%        3
 Swiftness                Air            0%         N/A       100%        3
 Ice Form                 Ice/Tmut       3%         N/A       100%        4


Dungeon Overview and Level Annotations

Branches:
Dungeon (5/15)
 Temple: D:4-7

Altars:
Sif Muna


Innate Abilities, Weirdness & Mutations

You are too large for most types of armour.
You have claws for hands.
Your natural rate of healing is unusually fast.
You are covered in fur. (AC +1)
You have tough skin. (AC +1)


Message History

You block the scorpion's attack.
You closely miss the scorpion.
The scorpion is almost dead.
You feel sick.
The white imp shouts, "Quit, thou odious weevil-witted ratsbane!"
The white imp gestures at you. The puff of frost hits you!
* * * LOW HITPOINT WARNING * * *
The scorpion stings you.
* * * LOW HITPOINT WARNING * * *
You are more poisoned.
The scorpion poisons you! You block the white imp's attack.
The scorpion closely misses you.
You feel much better.
You feel very sick.
The scorpion stings you but does no damage.
The white imp gestures at you. The puff of frost hits you!
You scratch the white imp.
The white imp is moderately wounded.
You feel very sick. You block the scorpion's attack.
The white imp hits you but does no damage.
Your magical contamination has completely faded away.
You scratch the white imp.
The white imp is severely wounded.
You feel very sick. The scorpion stings you.
* * * LOW HITPOINT WARNING * * *
You are more poisoned.
The scorpion poisons you! You block the white imp's attack.
The scorpion stings you.
* * * LOW HITPOINT WARNING * * *
You scratch the scorpion but do no damage.
The scorpion is almost dead.
* * * LOW HITPOINT WARNING * * *
You feel very sick. The white imp gestures at you. The puff of frost hits you!
You die...

**,,,,* *,,,,********
*+,,,,* *,,,,,,,,,,,*
,**,,** *,,,,******,*
,,**** **,,.* *,* ,,*
#########..*** *,*
,** #..........,,*
*,* ** #..........,,*
*,* #...5.....>,,*
*,* #..@s......,,*
*,*
##..........,,****,*
#...........,***,,,*
#...........,* *,****
#...........,* *,,,,,
#...........,* *****,
#..........<,* *,
#...........,*******,
#..........,,+,,,,,,,


You could see a scorpion and a white imp.

Vanquished Creatures
  Sigmund (D:2)
  2 hounds (D:4)
  Robin (D:4)
  7 adders
  6 worms
  A dart slug (D:2)
  9 ball pythons
  9 bats
  7 endoplasms
  3 giant cockroaches
  15 goblins
  12 hobgoblins
  6 jackals (D:3)
  3 quokkas (D:2)
  7 frilled lizards
  9 kobolds
  6 rats
104 creatures vanquished.

Vanquished Creatures (others)
  A fungus (D:2)
  9 plants (D:4)
10 creatures vanquished.

Grand Total: 114 creatures vanquished

Notes
Turn   | Place    | Note
-------+----------+-------------------------------------------
     0 | D:1      | benadryl the Troll Transmuter began the quest for the Orb.
     0 | D:1      | Reached XP level 1. HP: 18/18 MP: 1/1
   235 | D:1      | Reached skill level 1 in Fighting
   377 | D:1      | Reached XP level 2. HP: 26/27 MP: 2/2
  1046 | D:2      | Reached XP level 3. HP: 33/33 MP: 1/3
  1133 | D:2      | You fall into a shaft and drop 2 floors!
  1204 | D:4      | Noticed Robin
  1211 | D:4      | Killed Robin
  1212 | D:4      | Reached skill level 4 in Unarmed Combat
  1235 | D:4      | Reached XP level 4. HP: 40/42 MP: 2/4
  1747 | D:4      | Reached XP level 5. HP: 49/49 MP: 5/5
  2647 | D:2      | Found a faded altar of an unknown god.
  2659 | D:2      | Reached skill level 5 in Unarmed Combat
  2804 | D:2      | Noticed Sigmund
  2978 | D:2      | Killed Sigmund
  2979 | D:2      | Reached XP level 6. HP: 51/59 MP: 4/6
  3097 | D:2      | Found a shimmering blue altar of Sif Muna.
  3461 | D:5      | Entered Level 5 of the Dungeon
  3558 | D:5      | Killed from afar by a white imp

Illustrated notes

Levels and vault maps discovered:
D:1:      minmay_arrival_nine_rooms, layout_basic, minmay_hedge_maze
D:2:      layout_loops_ring, dreamdust_ecumenical_altar_grove, basic_altar,
          minmay_cut_off, uniq_sigmund
D:3:      minmay_diamond_boxcup, layout_rooms, bh_walls_and_bars
D:4:      wad_lake_hut, layout_cave_pools, nrook_mini_vaults,
          grunt_decor_junction, uniq_robin
D:5:      minmay_bubble_buster, layout_basic, minmay_fountain_box,
          dk_rats_in_the_wall

Skill      XL: |  1  2  3  4  5 |
---------------+----------------+-----
Fighting       | 1 2 |  2.8
Unarmed Combat | 4 5 |  5.7
Transmutations | 2 |  2.8
Dodging        | |  1.5
Spellcasting   | |  1.2

Action                   |  1- 3 |  4- 6 || total
-------------------------+-------+-------++-------
Melee: Unarmed           |   166 |   169 ||   335
       Punch             |     8 |     4 ||    12
       Kick              |     4 |     2 ||     6
       Headbutt          |     4 |     1 ||     5
 Cast: Beastly Appendage |     5 |     1 ||     6
  Use: Scroll            |       |    10 ||    10
       Potion            |       |     1 ||     1
Armor: Robe              |    53 |    55 ||   108
Dodge: Dodged            |    85 |    79 ||   164
Block: Tower shield      |       |     9 ||     9

Table legend: (Time is in decaauts)
 A = Elapsed time spent in this place.
 B = Non-inter-level travel time spent in this place.
 C = Inter-level travel time spent in this place.
 D = Time resting spent in this place.
 E = Time spent auto-exploring this place.
 F = Levels seen in this place.
 G = Mean time per level.
                   A        B        C        D        E       F      G
               +--------+--------+--------+--------+--------+-----+--------+
         Total |   3575 |   3431 |    144 |    193 |   2551 |   5 |  715.0 |
       Dungeon |   3575 |   3431 |    144 |    193 |   2551 |   5 |  715.0 |
               +--------+--------+--------+--------+--------+-----+--------+

Top non-repeatable levels by time:
     D:1: 1164 daAuts
     D:4: 958 daAuts
     D:2: 728 daAuts
     D:3: 624 daAuts
     D:5: 99 daAuts
